 Dungeon Crawl Stone Soup version 0.14-a0-1876-g927fc3a (webtiles) character file.

201 Kae the Insei (level 4, 0/35 HPs)
             Began as a Draconian Transmuter on Jan 14, 2014.
             Succumbed to an adder's poison
             ... on Level 3 of the Dungeon.
             The game lasted 00:03:05 (2770 turns).

Kae the Insei (Draconian Transmuter)                Turns: 2770, Time: 00:03:05

HP   0/35        AC  7     Str 17      XL: 4   Next: 73%
MP   7/7         EV 12     Int 14      God:
Gold 82          SH  0     Dex 10      Spells:  1 memorised,  6 levels left

rFire  . . .     SeeInvis .       - Unarmed
rCold  . . .     Clarity  +     (armour unavailable)
rNeg   + . .     Conserve .     (no shield)
rPois  .         rCorr    .     (helmet restricted)
rElec  .         rRot     .     m - +0 cloak
SustAb . .       Spirit   .     (no gloves)
rMut   .         Warding  +     e - +0 pair of dwarf boots
Saprov . . .     Stasis   .     l - amulet of warding {unknown}
MR     .....                    (no ring)
                                (no ring)

@: mighty, mildly poisoned, not resistant to hostile enchantments, unstealthy
A: unfitting armour, clarity, clumsy 1, deformed body, AC +5
a: no special abilities


You were on level 3 of the Dungeon.
You were not hungry.

You visited 1 branch of the dungeon, and saw 3 of its levels.

You collected 82 gold pieces.

Inventory:

Missiles
 b - 34 arrows
 r - 5 tomahawks (quivered)
Armour
 e - a +0 pair of dwarven boots (worn)
 m - a +0 cloak (worn)
Comestibles
 a - 2 bread rations
 c - a rambutan
 u - a chunk of adder flesh
 v - a chunk of hobgoblin flesh
Scrolls
 f - 2 scrolls of identify {unknown}
 g - a scroll of enchant weapon I {unknown}
 j - a scroll of recharging {unknown}
 n - 2 scrolls of enchant weapon II {unknown}
 o - a scroll of remove curse
 s - a scroll of curse jewellery {unknown}
Jewellery
 i - an uncursed ring of hunger {unknown}
 l - an amulet of warding (around neck) {unknown}
 t - an uncursed ring of see invisible {unknown}
Potions
 p - a potion of restore abilities {unknown}
 q - a potion of degeneration {unknown}
Books
 d - a book of Changes

   Spells                             Type                      Level
   *Beastly Appendage                 Transmutation                1
   Sticks to Snakes                   Transmutation                2
   Spider Form                        Transmutation/Poison         3
   Ice Form                           Ice/Transmutation            4
   Blade Hands                        Transmutation                5


   Skills:
 - Level 1.1 Fighting
 - Level 1.7 Dodging
 * Level 5.0 Unarmed Combat
 - Level 2.0 Spellcasting
 + Level 3.0 Transmutations


You had 6 spell levels left.
You knew the following spells:

 Your Spells              Type           Power        Failure   Level  Hunger
a - Beastly Appendage     Trmt           #.....       10%         1    ##.....


Dungeon Overview and Level Annotations

Branches:
Dungeon (3/16)

Altars:
Yredelemnul


Innate Abilities, Weirdness & Mutations

Your plain brown scales are hard (AC +5).
Your body does not fit into most forms of armour.
Your cold-blooded metabolism reacts poorly to cold.
You possess an exceptional clarity of mind.
You are clumsy. (Dex -2)
Your body is misshapen.


Message History

You feel sick.
You start resting.
* * * LOW HITPOINT WARNING * * *
You feel sick.
You start resting.
* * * LOW HITPOINT WARNING * * *
You feel sick.
You start resting.
* * * LOW HITPOINT WARNING * * *
You feel sick.
Drink which item? (? for menu, Esc to quit)
You feel very mighty all of a sudden.
It was a potion of might.
* * * LOW HITPOINT WARNING * * *
You feel sick.
Drink which item? (? for menu, Esc to quit)
You feel extremely strange.
Your body twists and deforms.
You feel clumsy.
Your thoughts seem clearer.
It was a potion of mutation.
You die...

#......[...######'###
#........### .# ####.#####
#.# ####.# ##..# #....# #..#
## ##<####### ###'#######
.####........# #.........#
.##..........#####.........+
.#..#........#..@'.%.......#
.'.##..........###.........#
.####........### #.........#
## #........# #.........# #
##.####### ########### #
#...## ###).# ##.#
#####.####


There were no monsters in sight!

Vanquished Creatures
  An orc priest (D:3)
  An orc wizard (D:3)
  2 adders (D:3)
  A giant gecko (D:2)
  An ooze (D:1)
  4 orcs
  7 bats
  5 goblins
  5 hobgoblins
  6 kobolds
  A ball python (D:3)
  A giant cockroach (D:3)
  3 giant newts
  7 rats
  A spectral orc (D:2)
46 creatures vanquished.

Notes
Turn   | Place    | Note
--------------------------------------------------------------
     0 | D:1      | Kae, the Draconian Transmuter, began the quest for the Orb.
     0 | D:1      | Reached XP level 1. HP: 16/16 MP: 3/3
   278 | D:1      | Reached XP level 2. HP: 14/23 MP: 2/4
  1256 | D:2      | Found a basalt altar of Yredelemnul.
  1261 | D:2      | Reached XP level 3. HP: 28/28 MP: 4/6
  1606 | D:3      | Reached skill level 4 in Unarmed Combat
  2081 | D:3      | Reached XP level 4. HP: 35/35 MP: 5/7
  2646 | D:3      | Reached skill level 5 in Unarmed Combat
  2769 | D:3      | HP: 1/35 [poisoned by an adder]
  2770 | D:3      | Gained mutation: Your body is misshapen. [potion of mutation]
  2770 | D:3      | Gained mutation: You are clumsy. (Dex -2) [potion of mutation]
  2770 | D:3      | Gained mutation: You possess an exceptional clarity of mind. [potion of mutation]
  2770 | D:3      | Succumbed to an adder's poison

Action                   |  1- 3 |  4- 6 || total
-------------------------+-------+-------++-------
Melee: Unarmed           |   124 |    51 ||   175
 Cast: Beastly Appendage |     9 |     4 ||    13
  Use: Scroll            |     2 |       ||     2
       Potion            |       |     2 ||     2
